 Dungeon Crawl Stone Soup version 0.31-a0-1620-gcbf77bbcfc (webtiles) character file.

Game seed: 14456672144504949404

133 senseless the Ducker (level 4, -1/23 HPs)
             Began as a Felid Shapeshifter on Jan 11, 2024.
             Slain by Grinder (9 damage)
             ... on level 4 of the Dungeon.
             The game lasted 00:05:36 (2524 turns).

senseless the Ducker (Felid Shapeshifter)           Turns: 2524, Time: 00:05:37

Health: -1/23      AC:  1    Str: 10    XL:     4   Next: 93%
Magic:  5/5        EV: 19    Int: 19    God:
Gold:   77         SH:  0    Dex: 18    Spells: 3/3 levels left
                                        Lives:  0   Deaths: 2

rFire   . .          .
                       - Unarmed
rCold   . . .        (shield unavailable)
rNeg    . . .        (body armour unavailable)
rPois   .            (helmet unavailable)
rElec   .            (cloak unavailable)
rCorr   .            (gloves unavailable)
SInv    +            (boots unavailable)
Will    .....        (no amulet)
Stlth   ++           j - +4 ring of slaying
HPRegen 0.23/turn    l - +6 ring of intelligence
MPRegen 0.09/turn

%: no passive effects
@: beast-form
A: beast (slay +1), very small, claws 1, fangs 3, see invisible, shaggy fur 1,
stealthy paws, no weapons or thrown items, no armour, multi-lived
a: Begin Untransformation


You were on level 4 of the Dungeon.
You were a hulking beast.
You visited 1 branch of the dungeon, and saw 4 of its levels.

You collected 221 gold pieces.
You spent 144 gold pieces at shops.

Inventory:

Jewellery
 j - a +4 ring of slaying (left paw)
 l - a +6 ring of intelligence (right paw)
Talismans
 b - a beast talisman
 c - a flux talisman
Scrolls
 d - a scroll of vulnerability {unknown}
 k - a scroll of amnesia
 n - a scroll of teleportation
 o - a scroll of enchant weapon {unknown}
Potions
 a - 2 potions of lignification
 e - 3 potions of cancellation
 f - 2 potions of curing
 g - a potion of ambrosia
 h - a potion of might
 i - 2 potions of mutation
 m - a potion of brilliance


   Skills:
 + Level 2.4 Fighting
 + Level 4.1 Dodging
 + Level 3.8 Unarmed Combat
 + Level 3.3 Shapeshifting


You had 3 spell levels left.
You didn't know any spells.
Your spell library contained the following spells:

 Spells                   Type           Power      Damage    Failure   Level
 Ensorcelled Hibernation  Hex/Ice        0%         N/A       30%         2
 Passwall                 Erth           0%         N/A       52%         3
 Swiftness                Air            0%         N/A       52%         3


Dungeon Overview and Level Annotations

Branches:
Dungeon (4/15)
 Temple: D:4-7

Altars:

Shops:
D:1 ![   D:2 !

Annotations:
D:4 Dowan, Duvessa, Grinder


Innate Abilities, Weirdness & Mutations

You are a hulking beast.
Your limbs bulge with bestial killing power. (Slay +1)
You have sharp claws.
You have razor-sharp teeth.
You have supernaturally acute eyesight. (SInv)
You are covered in fur. (AC +1)
Your paws help you pounce on unaware monsters.
You are incapable of wielding weapons or throwing items.
You cannot wear armour.
You gain extra lives every three experience levels.


Message History

Dowan is heavily wounded.
Dowan completely misses you.
You scratch Dowan.
Dowan is heavily wounded.
Dowan casts a spell at you. The puff of frost hits you!
You barely miss Dowan.
Dowan is heavily wounded.
Duvessa gestures with her weapon.
Dowan hits you with a +0 dagger.
* * * LOW HITPOINT WARNING * * *
You closely miss Dowan.
Dowan is heavily wounded.
Dowan hits you with a +0 dagger.
You die...
Your shape twists and changes as you die.
You rejoin the land of the living...
o - a scroll labelled ALEIPP SUADISK Grinder is nearby!
No target in view!
Grinder is nearby!
Grinder shouts!
Grinder gestures at you. You resist with some effort.
Grinder blinks!
Grinder gestures at you.
You suddenly lose the ability to move!
Grinder hits you.
You writhe in agony.
You can move again.
You closely miss Grinder. You bite Grinder.
Grinder is lightly wounded.
Grinder closely misses you.
You claw Grinder!
Grinder is heavily wounded.
Grinder hits you!
You writhe in agony.
You closely miss Grinder.
Grinder is heavily wounded.
Grinder hits you!
You die...
Grinder sighs, "Dead already?
I want a refund."

#..........# #####..#
#........##### #..#
#............# #..#
#........###.# #..#
#..........#.###########..#
#.....).....e.............#
##.#..##............#######
#.#..####.#.########
##.#.e####h#.#
#.........5#.#
##...........#
#..#<######## #..#.#
.g....# ##)..### #...#
#...#


You could see Grinder and Duvessa.

Vanquished Creatures
  An orc priest (D:2)
  2 adders (D:3)
  3 dart slugs
  5 orcs
  4 ball pythons
  5 endoplasms
  5 giant cockroaches
  8 goblins
  4 hobgoblins
  3 jackals (D:3)
  7 quokkas
  5 bats
  4 frilled lizards
  8 kobolds
  4 rats
68 creatures vanquished.

Notes
Turn   | Place    | Note
-------+----------+-------------------------------------------
     0 | D:1      | senseless the Felid Shapeshifter began the quest for the
                  | Orb.
     0 | D:1      | Reached XP level 1. HP: 10/10 MP: 2/2
   148 | D:1      | Found Coisyez's Distillery.
   184 | D:1      | Reached skill level 3 in Dodging
   184 | D:1      | Reached XP level 2. HP: 13/14 MP: 3/3
   228 | D:1      | Found Higapyul's Antique Armour Shop.
   458 | D:1      | Reached XP level 3. HP: 7/18 MP: 4/4
   734 | D:1      | Bought a potion of curing for 36 gold pieces
  1088 | D:2      | Found Kynuuhif's Distillery.
  1096 | D:2      | Bought a potion of degeneration for 12 gold pieces
  1123 | D:2      | Reached XP level 4. HP: 7/23 MP: 5/5
  1123 | D:2      | Gained a life (2 lives remaining)
  1776 | D:2      | Bought a potion of mutation for 96 gold pieces
  1825 | D:3      | Reached skill level 4 in Dodging
  2436 | D:4      | Noticed Dowan
  2444 | D:4      | Noticed Grinder
  2445 | D:4      | HP: 1/23 [Dowan/puff of flame (10)]
  2451 | D:4      | Killed from afar by Dowan
  2451 | D:4      | Lost a life (1 life remaining)
  2490 | D:4      | Noticed Duvessa
  2501 | D:4      | Slain by Dowan
  2501 | D:4      | Lost a life (0 lives remaining)
  2520 | D:4      | Paralysed by Grinder for 2 turns
  2524 | D:4      | Slain by Grinder

Illustrated notes

Levels and vault maps discovered:
D:1:      dpeg_arrival_stone_temple_mockup, layout_loops_ring, serial_shops,
          nicolae_diamond_shop, nicolae_shop_crystal, st_stairs_11,
          hangedman_abyss_or_decor_stabs
D:2:      cheibrodos_pilgrimage, layout_basic, serial_shops,
          nicolae_shop_waterfront
D:3:      layout_basic
D:4:      layout_loops_ring, uniq_duvessa, uniq_grinder

Skill      XL: |  1  2  3  4 |
---------------+-------------+-----
Dodging        | 3 4 |  4.1
Shapeshifting  | 3 |  3.3
Fighting       | 2 |  2.4
Unarmed Combat | |  3.8

Action                     |  1- 3 |  4- 6 || total
---------------------------+-------+-------++-------
  Melee: Unarmed           |    93 |    63 ||   156
         Bite              |     9 |     2 ||    11
         Punch             |     4 |     1 ||     5
    Use: Scroll            |       |     9 ||     9
   Stab: Sleeping          |     1 |       ||     1
 Armour: Skin              |    26 |    28 ||    54
  Dodge: Dodged            |    60 |    43 ||   103

Table legend: (Time is in decaauts)
 A = Elapsed time spent in this place.
 B = Non-inter-level travel time spent in this place.
 C = Inter-level travel time spent in this place.
 D = Time resting spent in this place.
 E = Time spent auto-exploring this place.
 F = Levels seen in this place.
 G = Mean time per level.
                   A        B        C        D        E       F      G
               +--------+--------+--------+--------+--------+-----+--------+
         Total |   2514 |   2358 |    156 |     31 |   1920 |   4 |  628.5 |
       Dungeon |   2514 |   2358 |    156 |     31 |   1920 |   4 |  628.5 |
               +--------+--------+--------+--------+--------+-----+--------+

Top non-repeatable levels by time:
     D:2: 1034 daAuts
     D:1: 745 daAuts
     D:3: 639 daAuts
     D:4: 94 daAuts
